[Event "*** Titled Tuesday Blitz"]
[Site "Chess.com"]
[Date "2020.04.07"]
[Round "6"]
[White "praveenb2002"]
[Black "ChessQueen"]
[Result "1-0"]
[WhiteElo "2629"]
[BlackElo "2766"]
[TimeControl "180+1"]
[EndTime "14:09:56 PDT"]
[Termination "praveenb2002 won on time"]

1. d4 Nf6 2. c4 e6 3. Nf3 b6 4. g3 Bb7 5. Bg2 Be7 6. O-O O-O 7. Nc3 Ne4 8. Bd2 d6 9. d5 Nxd2 10. Nxd2 e5 11. f4 exf4 12. gxf4 f5 13. e4 fxe4 14. Ndxe4 Bc8 15. Ng3 Nd7 16. Nb5 Bf6 17. Nd4 Bxd4+ 18. Qxd4 Qf6 19. Qd2 a5 20. f5 Ne5 21. b3 Bd7 22.
Rae1 Rae8 23. Re4 Kh8 24. Nh5 Qh6 25. Qxh6 gxh6 26. Ng3 Rf6 27. Ref4 Ref8 28. Be4 Be8 29. a3 Rg8 30. Rh4 a4 31. Bc2 axb3 32. Bxb3 h5 33. Kh1 Rg4 34. Rf4 Rxh4 35. Rxh4 Rf8 36. Rf4 Kg7 37. Kg2 Kh6 38. h4 Kg7 39. Bd1 Kh6 40.
Be2 Bf7 41. Ne4 Ra8 42. Ng5 Rxa3 43. Ne6 Ra2 44. Kf1 Ra1+ 45. Kf2 Ra2 46. Ke3 Ra7 47. Nd8 Kg7 48. f6+ Kf8 49. Ne6+ Ke8 50. Ng7+ Kd7 51. Bxh5 Ra3+ 52. Ke2 Ra2+ 53. Kd1 b5 54. Bxf7 Nxf7 55.
cxb5 Ra5 56. Re4 Ne5 57. Ne6 Ra1+ 58. Kc2 Rf1 59. Rf4 Rxf4 60. Nxf4 Ng4 61. f7 Ke7 62. Ne6 Kxf7 63. Nxc7 Ke7 64. b6 Kd7 65. Nb5 Ne3+ 66.
Kb3 Kc8 67. Nxd6+ Kb8 68. Kb4 Nxd5+ 69. Kb5 Ne7 70. Kc5 Ng6 71. Nf5 h5 72. Kc6 Nf4 73. Nd4 Ng6 74. Nf3 Ne7+ 75. Kd6 Nf5+ 76. Kc6 Ne7+ 77.
Kc5 Nf5 78. Kd5 Kb7 79. Kc5 Ng3 80. Kb5 Nf5 81. Ka5 Ng3 82. Nd4 Ne4 83. Ne6 Nf6 84. Nc5+ Kb8 85. Ka6 1-0

[Event "*** Titled Tuesday Blitz"]
[Site "Chess.com"]
[Date "2020.04.07"]
[Round "6"]
[White "iaraldinho"]
[Black "djano"]
[Result "1-0"]
[WhiteElo "2637"]
[BlackElo "2480"]
[TimeControl "180+1"]
[EndTime "14:09:56 PDT"]
[Termination "iaraldinho won by resignation"]

1. e4 e5 2. Nf3 Nc6 3. d4 exd4 4.
Bc4 Bc5 5. O-O d6 6. c3 d3 7.
Qxd3 Nf6 8. b4 Bb6 9. a4 a6 10. Bg5 O-O 11. Nbd2 h6 12. Bh4 Be6 13. Rad1 Ne5 14.
Nxe5 dxe5 15. Qg3 Nh5 16. Bxd8 Nxg3 17. hxg3 Bxc4 18. Nxc4 Rfxd8 19. Nxe5 Re8 20. Nc4 Rxe4 21. Nxb6 cxb6 22. Rd7 Rc8 23. Rxb7 Rxc3 24. Rxb6 Rb3 25. Rxa6 Rexb4 26. Ra8+ Kh7 27. Ra7 Ra3 28. Rxf7 Rbxa4 29. Re1 Ra1 30. Rxa1 Rxa1+ 31. Kh2 Ra2 32. g4 Kg6 33. Rf3 Ra4 34. Kg3 Ra2 35. Rf5 Ra3+ 36. f3 Ra2 37. Rb5 Rc2 38. Rb6+ Kf7 39. Kh3 Ra2 40.
g3 Rc2 41. f4 Ra2 42. Rb5 Rc2 43. g5 hxg5 44. Rxg5 g6 45. Kg4 Rc4 46. Ra5 Rc3 47. Ra6 Rb3 48. Kh4 Rc3 49. g4 Rb3 50.
Kg5 Rb5+ 51. f5 gxf5 52. gxf5 Rb1 53. Ra7+ Kf8 54. Kg6 Rg1+ 55. Kf6 Kg8 56. Ra8+ Kh7 57. Kf7 Rb1 58. Ra7 Rb6 59. f6 Rb2 60. Re7 Rb8 61.
Rd7 Ra8 62. Ke7 Kg6 63. Rd6 Ra7+ 64. Ke6 Ra2 65. Rc6 Re2+ 66. Kd7 Rd2+ 67. Ke7 Re2+ 68.
Re6 Ra2 69. f7+ Kh7 70. f8=Q Ra7+ 71. Kf6 Rf7+ 1-0

[Event "*** Titled Tuesday Blitz"]
[Site "Chess.com"]
[Date "2020.04.07"]
[Round "6"]
[White "Oleksandr_Bortnyk"]
[Black "IMTominho"]
[Result "0-1"]
[WhiteElo "2987"]
[BlackElo "2831"]
[TimeControl "180+1"]
[EndTime "14:09:58 PDT"]
[Termination "IMTominho won by resignation"]

1. e4 e5 2. Bc4 Nf6 3. d3 c6 4. Nf3 d5 5. Bb3 Bb4+ 6. Bd2 Bxd2+ 7. Qxd2 O-O 8. exd5 cxd5 9. Nxe5 Re8 10. d4 Nc6 11.
O-O Nxe5 12. dxe5 Rxe5 13. Nc3 Qd6 14. Qf4 Bd7 15. Rad1 Bc6 16. Ne2 a5 17. Nd4 Rae8 18.
Nf3 R5e6 19. Qxd6 Rxd6 20. a3 h6 21. Rd4 b5 22. Rfd1 g6 23. h3 Kg7 24. Kf1 Rde6 25. c3 Rb8 26. Ba2 Rbe8 27. R4d2 Rd6 28. Nd4 Bd7 29. Nb3 b4 30. Nxa5 bxa3 31. bxa3 Ra6 32. Nb7 Bc6 33. Nc5 Rxa3 34. Rc1 Bb5+ 35. Kg1 Rc8 36. Nb7 Ne4 37. Rxd5 Nxc3 38. Rxb5 Ne2+ 39.
Kh2 Rxc1 40. Bd5 Raa1 41. g4 Nf4 42. Bf3 Rc2 43. Kg3 Ne2+ 44. Bxe2 Rxe2 45. Rb3 Rc1 46.
Rf3 Rd2 47. Na5 Rdc2 48. Nb3 Rd1 49. Re3 Rc7 50. Rf3 Rd5 51. Kg2 Rcd7 52. Nc1 Re7 53. Nd3 Ra5 54. Nf4 Rd7 55. Ne2 Rd6 56. Ng3 Ra2 57. Ne4 Re6 58. Nc5 Re5 59. Nd3 Rb5 60.
Nf4 Rab2 61. Re3 R5b3 62. Re7 Rb7 63. Re8 Kf6 64. Rd8 Kg7 65. Re8 R2b6 66. Nd5 Rd6 67. Nc3 Rb2 68. Re3 Re6 69. Rf3 Rf6 70. Rxf6 Kxf6 71.
Ne4+ Ke5 72. Nc5 Kd4 73. Nd7 Rb7 74. Nf6 Ke5 75. Ng8 h5 76. g5 Kf5 77. h4 Kg4 78. Nh6+ Kxh4 79. f4 Rb2+ 80. Kf3 Rb3+ 81. Kg2 Rb7 82.
Kh2 Rb4 83. Nxf7 Rxf4 84. Ne5 Kxg5 85. Kg3 Rf5 86. Nd3 h4+ 87. Kg2 Kg4 88. Nf2+ Rxf2+ 89. Kxf2 g5 90. Kg2 Kf4 91. Kh3 Kf3 92. Kh2 g4 93.
Kg1 Kg3 94. Kh1 Kf2 95. Kh2 g3+ 96. Kh3 g2 97. Kg4 g1=Q+ 98. Kh5 h3 0-1

[Event "*** Titled Tuesday Blitz"]
[Site "Chess.com"]
[Date "2020.04.07"]
[Round "6"]
[White "mbachez"]
[Black "StarkAst"]
[Result "1/2-1/2"]
[WhiteElo "2380"]
[BlackElo "2595"]
[TimeControl "180+1"]
[EndTime "14:10:01 PDT"]
[Termination "Game drawn by repetition"]

1. e4 e6 2. d4 d5 3. Bd3 c5 4.
exd5 exd5 5. Nf3 Nc6 6. O-O Bd6 7. dxc5 Bxc5 8. Re1+ Nge7 9. Nc3 O-O 10. Bg5 f6 11. Bf4 Bg4 12. h3 Bh5 13. Be2 Bf7 14. a3 Nf5 15. b4 Bb6 16. Bd3 Nfd4 17. Na4 Nxf3+ 18. Qxf3 Bc7 19. Nc5 b6 20. Ne6 Bxe6 21. Rxe6 Nd4 22.
Bxh7+ Kxh7 23. Qd3+ Kg8 24. Qxd4 Bxf4 25. Qxf4 Rc8 26. Rd6 Qc7 27. Rd1 Qxc2 28. R6xd5 Rc4 29. Qd6 Qe2 30. R5d2 Qe4 31. Rd4 Rxd4 32. Qxd4 Qxd4 33. Rxd4 Rc8 34. Rd7 a5 35. Rb7 a4 36. Rxb6 Rc3 37.
Ra6 Rxa3 38. b5 Rb3 39. b6 a3 40. h4 a2 41. Rxa2 Rxb6 42. Ra7 Kh7 43. Kh2 Rb4 44.
g3 Rc4 45. Kg2 Rb4 46. Ra5 Rc4 47. Kh3 Rb4 48. f3 Rb3 49. Rf5 Ra3 50. Kg4 Ra4+ 51. f4 Ra3 52. h5 Rb3 53. Rc5 Ra3 54. Kh4 Rb3 55. Rc7 Ra3 56. g4 Ra4 57. Kg3 Ra3+ 58. Kh4 Ra4 59. f5 Rb4 60. Rc3 Ra4 61. Rg3 Rb4 62. Rh3 Kh6 63. Rd3 Ra4 64. Rd8 Kh7 65. h6 gxh6 66. Rd7+ Kg8 67. Kh5 Kf8 68. Kg6 Rxg4+ 69.
Kxf6 Ke8 70. Re7+ Kf8 71. Rh7 Kg8 72. Rxh6 Ra4 73. Kg6 Ra6+ 74. f6 Ra7 75. Rh3 Rg7+ 76.
Kf5 Ra7 77. Rc3 Ra1 78. Rg3+ Kf7 79. Rg7+ Kf8 80. Rb7 Rf1+ 81. Ke6 Re1+ 82. Kf5 Rf1+ 83. Kg6 Rg1+ 84. Kf5 Rf1+ 1/2-1/2

[Event "*** Titled Tuesday Blitz"]
[Site "Chess.com"]
[Date "2020.04.07"]
[Round "6"]
[White "Resignify"]
[Black "otrov-11"]
[Result "0-1"]
[WhiteElo "2214"]
[BlackElo "2425"]
[TimeControl "180+1"]
[EndTime "14:10:03 PDT"]
[Termination "otrov-11 won by resignation"]

1. e4 e6 2. d3 d5 3. Nd2 Nf6 4. Ngf3 Be7 5. g3 O-O 6. Bg2 c5 7. O-O Nc6 8. Re1 b5 9. exd5 exd5 10. a4 b4 11. Ne5 Bb7 12. Nxc6 Bxc6 13. Nc4 Rc8 14. Ne5 Ba8 15. a5 Bd6 16. Bg5 Re8 17. Ng4 Rxe1+ 18. Qxe1 Be7 19. Nxf6+ Bxf6 20. Bxf6 Qxf6 21.
c3 bxc3 22. bxc3 Kf8 23. Rb1 Re8 24. Qd2 Bc6 25. h3 g6 26. d4 c4 27. Qb2 Kg7 28.
Qd2 Qd6 29. Qb2 h6 30. Kh2 Re6 31. Qb4 Qxb4 32. Rxb4 Re2 33. Rb8 Rxf2 34. Rc8 Bb5 35. Kg1 Rc2 36. Bxd5 Rxc3 37. Rc7 h5 38. Bxf7 Kh6 39.
Kf2 a6 40. d5 Rd3 41. d6 Rxd6 42. Bxc4 Rd2+ 43. Ke3 Rc2 44. Bxb5 Rxc7 45. Bxa6 Rc5 46.
Bb7 Rxa5 47. Kf2 Ra3 48. Bf3 Kg5 49. h4+ Kf6 50. Kg2 Kf5 51. Bc6 Ra2+ 52. Kh3 Rc2 53. Bd7+ Kf6 54. Be8 Rc3 55. Bd7 g5 56. hxg5+ Kxg5 57.
Be8 h4 58. Bd7 Rxg3+ 59. Kh2 Kf4 60. Be6 Re3 61. Bd7 Kg5 62. Bc8 Re2+ 63. Kh3 Rc2 64. Bd7 Rc3+ 65. Kh2 Kf4 66. Be6 Ra3 67. Bd7 Rd3 68.
Bc8 Rd4 69. Be6 Kf3 70. Bc8 Rf4 71. Kh3 Rc4 72. Bd7 Rd4 73. Bc6+ Kf4 74. Bb7 Kg5 75. Bc8 Rd3+ 76. Kh2 Rc3 77. Bd7 h3 78. Bxh3 Kh4 79. Bg2 Rc2 80. Kh1 Kg3 81. Bf1 Rc1 82.
Kg1 Ra1 0-1

[Event "*** Titled Tuesday Blitz"]
[Site "Chess.com"]
[Date "2020.04.07"]
[Round "6"]
[White "Squirlolz"]
[Black "checkmatequen"]
[Result "1-0"]
[WhiteElo "2584"]
[BlackElo "2258"]
[TimeControl "180+1"]
[EndTime "14:10:05 PDT"]
[Termination "Squirlolz won on time"]

1. e4 c5 2. c3 d5 3. exd5 Qxd5 4. d4 Nf6 5. Nf3 Bg4 6. dxc5 Qxc5 7. h3 Bxf3 8. Qxf3 Nc6 9. Na3 e5 10. Be3 Qa5 11. Nc4 Qc7 12. Bg5 Be7 13. Bxf6 Bxf6 14. Ne3 O-O 15. Nd5 Qd6 16. Nxf6+ Qxf6 17. Qxf6 gxf6 18.
Bd3 Rfd8 19. Ke2 Ne7 20. Rhd1 f5 21. Bc4 Rac8 22. Bb3 Kg7 23. a4 Kf6 24. a5 Nc6 25.
Rd5 Ne7 26. Rxd8 Rxd8 27. Ra4 Nc6 28. Bc2 e4 29. Rc4 Nxa5 30. Rc7 b5 31. b3 a6 32. c4 bxc4 33. bxc4 Rd4 34. c5 Rc4 35. Kd2 Ke5 36.
Rxf7 Rxc5 37. Rxh7 Nc4+ 38. Ke2 a5 39. Ra7 Rb5 40.
h4 Rb2 41. Kd1 Na3 42. Ba4 Rxf2 43. Rxa5+ Kf6 44. h5 Rxg2 45. Bd7 Rg5 46. Rxa3 Rxh5 47. Ra5 Rh1+ 48. Ke2 Rh2+ 49. Kf1 f4 50. Rf5+ Ke7 51.
Bc6 e3 52. Rxf4 e2+ 53. Ke1 Kd6 54. Bb5 Ke5 55. Rf8 Kd4 56. Bxe2 Ke3 57. Re8+ Kd4 58. Kd2 Rg2 59. Kc2 Rh2 60. Kb3 Rh3+ 61. Kb4 Re3 62.
Rd8+ Ke5 63. Bc4 Kf4 64. Kc5 Re5+ 65. Bd5 Re1 66. Rf8+ Ke3 67. Re8+ Kd2 68. Rh8 Re3 69. Bc4 Rg3 70. Kd4 Rg4+ 71. Kc5 Rg5+ 72. Kb4 Ke3 73.
Rh4 Rg3 74. Kc5 Rg5+ 75. Bd5 Rg3 76. Re4+ Kd3 77. Ra4 Ke3 78. Kd6 Rg6+ 79. Ke5 Rg5+ 80. Ke6 Rg3 81. Ke5 Kf2 82. Kf4 Rg5 83. Ra2+ Ke1 84. Kxg5 1-0

[Event "*** Titled Tuesday Blitz"]
[Site "Chess.com"]
[Date "2020.04.07"]
[Round "6"]
[White "MisiekZielony"]
[Black "Alvarov79"]
[Result "1/2-1/2"]
[WhiteElo "2137"]
[BlackElo "2293"]
[TimeControl "180+1"]
[EndTime "14:10:08 PDT"]
[Termination "Game drawn - insufficient material"]

1. c4 e6 2. Nc3 d5 3. d4 c6 4. Nf3 Nf6 5. cxd5 exd5 6. Bg5 Be7 7. Qc2 g6 8. e3 Bf5 9. Bd3 Bxd3 10. Qxd3 Nbd7 11. O-O O-O 12. Rab1 a5 13. Bf4 Re8 14. Rfc1 Nb6 15. h3 Nh5 16. Be5 f6 17. Bh2 Bd6 18.
Bxd6 Qxd6 19. Qc2 Ng7 20. Na4 Nxa4 21. Qxa4 Nf5 22. Rc5 b5 23. Qc2 Ne7 24. Rc1 Kg7 25. a4 b4 26. Ne1 Ra6 27. Nd3 Rc8 28. Nf4 Qd7 29. Qe2 Ra7 30. Nd3 Kg8 31. R1c2 Kg7 32. Nc1 Rca8 33. Nb3 Qd8 34. Qf3 Qd7 35. Rc1 Qe6 36.
R5c2 Qd7 37. Qe2 Qe6 38. Qd3 Qd7 39. Nc5 Qf5 40. Qe2 Qc8 41. f3 Qe8 42. e4 dxe4 43.
fxe4 Kg8 44. Qc4+ Qf7 45. Qxf7+ Kxf7 46. Kf2 Rd8 47. Ke3 f5 48. Nd3 fxe4 49. Ne5+ Kg7 50.
Nxc6 Nxc6 51. Rxc6 Rad7 52. R1c4 Re8 53. Rc7 Ree7 54. Rxd7 Rxd7 55. Rc5 Ra7 56. Kxe4 Kf6 57. Kd5 Kf5 58. Kc4+ Kf4 59. Kb5 Kg3 60. Kb6 Rd7 61. Rg5+ Kf4 62. Rg4+ Ke3 63. Kxa5 b3 64. Kb6 Kd3 65. a5 Kc2 66. a6 Rd6+ 67. Kb7 Rd7+ 68. Kc6 Rf7 69. d5 Kxb2 70. Ra4 Kc2 71. a7 b2 72. Rb4 Rxa7 73. d6 b1=Q 74. Rxb1 Kxb1 75.
d7 Ra8 76. Kc7 Kc2 77. d8=Q Rxd8 78. Kxd8 Kd3 79. Ke7 Ke3 80. Kf6 Kf4 81. Kg7 Kg3 82. Kxh7 Kxg2 83. Kxg6 Kxh3 1/2-1/2

[Event "*** Titled Tuesday Blitz"]
[Site "Chess.com"]
[Date "2020.04.07"]
[Round "6"]
[White "TigrVShlyape"]
[Black "Evgeny81"]
[Result "1-0"]
[WhiteElo "2852"]
[BlackElo "2760"]
[TimeControl "180+1"]
[EndTime "14:10:17 PDT"]
[Termination "TigrVShlyape won by resignation"]

1. d4 d5 2. Nf3 Nf6 3. Bf4 Bg4 4. Nbd2 e6 5. e3 Nbd7 6. c4 c6 7. Qb3 Qc8 8. h3 Bxf3 9. Nxf3 a5 10. a3 a4 11. Qc2 Be7 12. Bd3 O-O 13. O-O Bd8 14. Ne5 Bc7 15. Rad1 h6 16. cxd5 Nxd5 17. Bg3 Nxe5 18.
dxe5 Bb6 19. Qe2 Ne7 20. Qg4 Nf5 21. Bf4 Kh8 22. h4 Rd8 23. h5 Ra5 24. Bc2 Rxd1 25.
Rxd1 Rb5 26. Rb1 Ra5 27. Qd1 Rd5 28. Qf3 Ra5 29. Qe4 Qg8 30. Bxa4 Ne7 31. Bc2 Ra8 32.
Rd1 Nd5 33. Bg3 Rd8 34. Qf3 Qe8 35. Bh4 Rd7 36. Qe4 Qg8 37. Rd3 Bd8 38. Bg3 Be7 39.
Qf3 Rd8 40. e4 Nc7 41. Rxd8 Bxd8 42. Bf4 Qe8 43. Qd3 Be7 44. Be3 Na6 45. b4 Nc7 46. Bb3 Kg8 47. Bc4 Kf8 48. g3 Qa8 49. Kg2 Qb8 50. Qd7 Ne8 51. Qd4 Qa8 52. Qa7 Qc8 53. f4 Nc7 54. Qd4 Nb5 55. Qd3 Nc7 56. f5 exf5 57.
exf5 Nd5 58. f6 gxf6 59. Bxh6+ Ke8 60. Bxd5 cxd5 61. exf6 Bxf6 62. Qxd5 Qc2+ 63. Kh3 Qc8+ 64. Kg2 Qc2+ 65. Kf3 Qc3+ 66. Be3 Qa1 67. Kg2 Qb2+ 68.
Kh3 Kf8 69. h6 Kg8 70. Qxb7 Qa1 71. Qf3 Qe5 72. Qg4+ Kh7 73. Bf4 Qa1 74. Qf3 Qd4 75. b5 Qd7+ 76. g4 Qxb5 77. Qe4+ Kg8 78. g5 Qf1+ 79.
Kg4 Qg1+ 80. Kf5 Ba1 81. Qe8+ Kh7 82. Qxf7+ Kh8 83. Qe8+ Kh7 84. g6+ 1-0

[Event "*** Titled Tuesday Blitz"]
[Site "Chess.com"]
[Date "2020.04.07"]
[Round "6"]
[White "Philosopherrr"]
[Black "LittlePeasant"]
[Result "1-0"]
[WhiteElo "2439"]
[BlackElo "2780"]
[TimeControl "180+1"]
[EndTime "14:10:17 PDT"]
[Termination "Philosopherrr won by resignation"]

1. e4 c5 2. Nf3 e6 3. d4 cxd4 4.
Nxd4 Nc6 5. Nc3 Qc7 6. g3 a6 7. Bg2 d6 8. O-O Bd7 9. Nxc6 Bxc6 10. a4 Be7 11. Be3 Nf6 12. a5 O-O 13. Qd3 Nd7 14.
Rfd1 Rac8 15. f4 Qb8 16. Qe2 Rfe8 17. Qf2 Bf8 18. h3 Red8 19. g4 g6 20. g5 Be7 21.
Rd2 Qc7 22. Ne2 Nc5 23. Ng3 Bf8 24. Bd4 e5 25. Bxc5 dxc5 26. f5 c4 27. Kh2 Rxd2 28. Qxd2 Qd8 29. Rd1 Qxd2 30. Rxd2 Bb4 31. c3 Bxa5 32.
Bf1 Bb5 33. Rd5 Bc7 34. f6 b6 35. h4 Rd8 36. Rxd8+ Bxd8 37. Be2 Kf8 38. Nf1 Bc6 39. Bxc4 Bxe4 40. Bxa6 Bc6 41. Kg3 Bc7 42. Kf2 Ke8 43. Bc4 b5 44. Bb3 Bb6+ 45. Kg3 Be4 46. Nd2 Bd3 47. Nf3 Bc7 48. Kf2 Bb6+ 49. Ke1 Bc7 50. Kd2 Be4 51. Ke3 Bc6 52. Nd2 Bb6+ 53. Ke2 Bb7 54. Bc2 Bc7 55. Bd3 Bc6 56. Be4 Bd7 57.
Bd5 Bd6 58. Ne4 Bc7 59. b4 Bb6 60. Kd3 Bf5 61. Ke2 Bd7 62. Nd6+ Kf8 63. Nxf7 Bg4+ 64. Ke1 Bg1 65. Nxe5 Bf5 66. Nf3 Be3 67. Ke2 Bf4 68. Nd4 Bg4+ 69. Bf3 Bd7 70. Bd5 Bg3 71. Nf3 Bg4 72. Kd3 Bxf3 73. Bxf3 Bxh4 74. Bc6 Bxg5 75. Bxb5 Bxf6 76. c4 Ke7 77. c5 Kd8 78. Bc6 Bh4 79.
Be4 Bf2 80. Kc4 Kc7 81. b5 Be3 82. b6+ Kd7 83. Kd5 Bf2 84. Bf3 h5 85. Be4 g5 86.
Bf5+ Kd8 87. Kd6 g4 88. Be6 Be3 89. Kc6 g3 90. Bh3 h4 91. Bg2 Bd4 92. Bh3 Be3 93.
Kd5 Bf2 94. Kc6 Bg1 95. Kb5 Bd4 96. c6 Be5 97. Ka6 Bf4 98. Kb7 g2 99. c7+ Ke7 100. Bxg2 1-0

[Event "*** Titled Tuesday Blitz"]
[Site "Chess.com"]
[Date "2020.04.07"]
[Round "6"]
[White "Misticpikachu"]
[Black "bait_or_mate"]
[Result "1/2-1/2"]
[WhiteElo "2242"]
[BlackElo "2492"]
[TimeControl "180+1"]
[EndTime "14:10:18 PDT"]
[Termination "Game drawn by repetition"]

1. c4 e5 2. g3 Nc6 3. Bg2 g6 4. Nf3 Bg7 5. O-O e4 6. Ne1 Nf6 7. Nc3 Qe7 8. a3 O-O 9. b4 Re8 10. Bb2 d6 11. d3 exd3 12. Nxd3 Bg4 13. Re1 Ne5 14. Nxe5 dxe5 15. Qb3 c6 16. Rad1 e4 17. Na4 b6 18. Nc3 Rad8 19. Rxd8 Rxd8 20. Rd1 Rxd1+ 21.
Qxd1 e3 22. f3 Be6 23. Qd4 Bf5 24. g4 Nxg4 25. Qxg7+ Kxg7 26. Nd5+ Qe5 27. Bxe5+ Nxe5 28. Nxe3 Be6 29. f4 Nxc4 30. Nxc4 Bxc4 31. Bxc6 Bxe2 32. Kf2 Bg4 33. Ke3 Kf8 34. Bd5 Ke7 35. Kd4 Be6 36. Bf3 Kd6 37. Be4 h6 38. h4 Bg4 39. Bd3 Bh5 40.
Bc4 f6 41. Bf7 Ke7 42. Bd5 g5 43. fxg5 fxg5 44. hxg5 hxg5 45. Bg2 Kd6 46. a4 Be8 47. a5 Bg6 48. Kc4 Bh5 49. Bf1 Bf3 50. Kb5 Kc7 51.
Ka6 Bc6 52. Kxa7 b5 53. Ka6 g4 54. Ka7 g3 55. a6 Bd5 56. Bg2 Bc4 57. Bf3 Be6 58. Bg2 Bf5 59. Bf3 Bh3 60. Bg2 Bc8 61.
Bf3 Bd7 62. Bg2 Be6 63. Bf3 Bh3 64. Bg2 Bd7 65. Bf3 Be6 66. Bg2 Bc4 67. Bf3 Bd3 68. Bg2 Bc2 69. Bf3 Bf5 70. Bg2 Bc8 71. Bf3 Bd7 72. Bg2 Be8 73. Bf3 Bf7 74. Bg2 Bg8 75. Bf3 Bh7 76. Bg2 Bd3 77. Bf3 Bf1 78. Bg2 Be2 79.
Bf3 Bd3 80. Bg2 Bf5 81. Be4 Bc8 82. Bg2 Bd7 83. Bf3 Be6 1/2-1/2

[Event "*** Titled Tuesday Blitz"]
[Site "Chess.com"]
[Date "2020.04.07"]
[Round "6"]
[White "Leo_C"]
[Black "Orest_Vovk"]
[Result "0-1"]
[WhiteElo "2316"]
[BlackElo "2478"]
[TimeControl "180+1"]
[EndTime "14:10:58 PDT"]
[Termination "Orest_Vovk won by resignation"]

1. d4 Nc6 2. Nf3 d6 3. c4 e5 4.
Nc3 g6 5. Bg5 Be7 6. Bxe7 Ngxe7 7.
e3 Bg4 8. Be2 O-O 9. O-O exd4 10. Nxd4 Bxe2 11. Ncxe2 Nxd4 12. Nxd4 Nc6 13. Nxc6 bxc6 14.
Qf3 c5 15. Rfd1 Rb8 16. b3 Qe7 17. Qc6 a5 18. Qa4 Ra8 19. Qc6 Ra7 20. Rab1 Qe8 21. Qxe8 Rxe8 22. Kf1 a4 23. b4 cxb4 24. Rxb4 Re5 25.
Rd5 Rxd5 26. cxd5 Ra5 27. e4 a3 28. Rc4 Rb5 29. Rxc7 Rb1+ 30. Ke2 Rb2+ 31. Kf3 Rxa2 32. Rd7 Rb2 33. Rxd6 a2 34. Ra6 Rb3+ 35. Kf4 Rb2 36. Kg3 Rd2 37. Ra7 Kg7 38. d6 Kf6 39. d7 Ke7 40. f3 f6 41. h4 h6 42. Kh3 g5 43. hxg5 hxg5 44. g3 Rxd7 45. Rxa2 Kf7 46. Kg4 Kg6 47. Ra6 Re7 48. Rb6 Re5 49. Rb4 Ra5 50.
f4 gxf4 51. gxf4 Ra1 52. f5+ Kh6 53. Rb6 Rg1+ 54. Kf4 Rf1+ 55. Ke3 Kg5 56. Re6 Re1+ 57. Kd4 Rd1+ 58. Kc5 Rd8 59. Kc6 Rd4 60. e5 Kxf5 61. Rxf6+ Kxe5 62. Rf1 Rd2 63. Re1+ Kf6 64. Kc5 Rc2+ 65.
Kd4 Rd2+ 66. Ke3 Ra2 67. Re2 Ra3+ 68. Kf2 Kf5 69. Re3 Ra2+ 70. Kf3 Rb2 71. Rc3 Rb5 72. Ke3 Re5+ 73. Kd4 Re4+ 74. Kd5 Rf4 75. Rc4 Rf1 76. Kc5 Ke5 77. Rc2 Re1 78. Kc4 Re3 79. Rc3 Re4+ 80.
Kd3 Rd4+ 81. Ke3 Rd5 82. Rd3 Ra5 83. Rd8 Ra3+ 84. Rd3 Ra1 85. Rd8 Re1+ 86. Kf2 Rb1 87. Re8+ Kf4 88. Rf8+ Kg4 89. Rg8+ Kf5 90. Rf8+ Ke6 91.
Re8+ Kf7 92. Re1 Rb2+ 93. Re2 Rb5 94. Kf3 Kf6 95. Re3 Kf5 96. Rc3 Ra5 97. Re3 Ra1 98.
Rb3 Rf1+ 99. Ke2 Ra1 100. Rb5+ Ke4 101. Rb4+ Kd5 102. Rg4 Ra2+ 103. Kf3 Ra3+ 104. Kf4 Rh3 105. Rg3 Rh1 106. Rg5+ Kd4 107. Rg8 Rf1+ 108. Kg3 Rg1+ 0-1

[Event "*** Titled Tuesday Blitz"]
[Site "Chess.com"]
[Date "2020.04.07"]
[Round "6"]
[White "enriquetejedor"]
[Black "amintabatabaei"]
[Result "1-0"]
[WhiteElo "2608"]
[BlackElo "2802"]
[TimeControl "180+1"]
[EndTime "14:11:09 PDT"]
[Termination "enriquetejedor won by resignation"]

1. e4 e5 2. Nf3 Nc6 3. Bb5 Nf6 4. O-O Nxe4 5. Re1 Nd6 6. Nxe5 Be7 7. Bf1 Nxe5 8. Rxe5 O-O 9. d4 Bf6 10. Re1 Re8 11. c3 Rxe1 12. Qxe1 Ne8 13. Bf4 d5 14. Bd3 g6 15. Nd2 Ng7 16. Be5 Bf5 17. Bxf5 Nxf5 18.
Bxf6 Qxf6 19. Nf3 a5 20. Qe2 a4 21. Qb5 Qb6 22. Qxb6 cxb6 23. Kf1 Nd6 24. Nd2 b5 25. a3 f6 26. Re1 Kf7 27. Ke2 g5 28. Kd3 h5 29. Nf1 Nc4 30. Kc2 h4 31. h3 f5 32.
Nd2 Nxd2 33. Kxd2 Re8 34. Rb1 Ra8 35. Re1 Re8 36. Rc1 Kf6 37. Rb1 Ra8 38. Rf1 Rd8 39. Re1 g4 40. Re5 Kg5 41. Ke3 Rd7 42. f4+ Kf6 43. hxg4 fxg4 44. Rg5 Re7+ 45. Kf2 g3+ 46. Kf3 Re1 47. Rxd5 Rf1+ 48. Kg4 Rf2 49. Rxb5 Rxg2 50. Kxh4 Rg1 51. Kg4 b6 52. Rxb6+ Ke7 53. Kf3 Kd7 54. Rb4 Ke6 55. Rxa4 Kd5 56. Ra5+ Kc4 57. Rg5 Kd3 58. Rxg3 Rb1 59. Kg4+ Ke4 60. Rg2 Re1 61. f5 Ke3 62.
Kg5 Rf1 63. f6 Ke4 64. Re2+ Kd5 65. Re5+ Kd6 66. Rf5 Rg1+ 67. Kf4 Ke6 68. Re5+ Kxf6 69. Re2 Rf1+ 70. Ke3 Ke6 71. Kd3+ Kd6 72. Re5 Rf2 73.
b4 Ra2 74. Ra5 Kc6 75. Kc4 Kb6 76. Kb3 Ra1 77. Rg5 Rh1 78. Rg6+ Kc7 79. a4 Rh5 80. Rg7+ Kb6 81. a5+ Ka6 82. Rg6+ Kb7 83. Kc4 Rh7 84. a6+ Ka7 85. b5 Rh1 86. Rg7+ Kb8 87. b6 Rh8 88. d5 Rc8+ 89. Kb4 Rh8 90. c4 Rd8 91. c5 Rh8 92. d6 Rf8 93. d7 Rd8 94. Re7 1-0

[Event "*** Titled Tuesday Blitz"]
[Site "Chess.com"]
[Date "2020.04.07"]
[Round "7"]
[White "nfds"]
[Black "Blitzking642"]
[Result "1-0"]
[WhiteElo "2579"]
[BlackElo "2401"]
[TimeControl "180+1"]
[EndTime "14:12:22 PDT"]
[Termination "nfds won by resignation"]

1. Nf3 c5 2. e3 Nf6 3. d4 cxd4 4. Nxd4 g6 5. b3 Bg7 6. Bb2 O-O 7. Be2 d5 8. O-O Nc6 9. c4 dxc4 10. Nxc6 b6 11. Nxd8 1-0

[Event "*** Titled Tuesday Blitz"]
[Site "Chess.com"]
[Date "2020.04.07"]
[Round "7"]
[White "Kingsman132"]
[Black "iaraldinho"]
[Result "0-1"]
[WhiteElo "2412"]
[BlackElo "2641"]
[TimeControl "180+1"]
[EndTime "14:13:30 PDT"]
[Termination "iaraldinho won by resignation"]

1. Nf3 f5 2. d4 Nf6 3. Bg5 e6 4. Ne5 d6 5. Nf3 h6 6. Bxf6 Qxf6 7. c4 g5 8. d5 Qxb2 9. Qd4 Qxd4 10. Nxd4 Bg7 11. e3 c5 12. dxc6 Nxc6 13. Na3 Nxd4 14.
exd4 Bxd4 15. O-O-O Bc5 16. Nb5 Ke7 17. f3 Bd7 18. Bd3 a6 0-1

[Event "*** Titled Tuesday Blitz"]
[Site "Chess.com"]
[Date "2020.04.07"]
[Round "7"]
[White "bait_or_mate"]
[Black "SanQui14"]
[Result "1-0"]
[WhiteElo "2501"]
[BlackElo "2320"]
[TimeControl "180+1"]
[EndTime "14:14:41 PDT"]
[Termination "bait_or_mate won by checkmate"]

1. d4 Nf6 2. c4 e6 3. Nf3 c5 4.
Nc3 cxd4 5. Nxd4 a6 6. g3 Be7 7. Bg2 O-O 8. O-O Nc6 9. b3 Qc7 10. Bb2 d6 11. Rc1 Bd7 12. Nd5 exd5 13. cxd5 Qa5 14. dxc6 bxc6 15. Bxc6 Rac8 16. Bxd7 Nxd7 17. Nc6 Qg5 18. f4 Qg4 19. Nxe7+ Kh8 20. Rxc8 Nc5 21.
Rxf8# 1-0

[Event "*** Titled Tuesday Blitz"]
[Site "Chess.com"]
[Date "2020.04.07"]
[Round "7"]
[White "vinniethepooh"]
[Black "XiaoKangZhong"]
[Result "1/2-1/2"]
[WhiteElo "2607"]
[BlackElo "2430"]
[TimeControl "180+1"]
[EndTime "14:14:47 PDT"]
[Termination "Game drawn by repetition"]

1. d4 Nf6 2. c4 g6 3. Nc3 d5 4.
cxd5 Nxd5 5. e4 Nxc3 6. bxc3 Bg7 7. Nf3 O-O 8. Be3 c5 9. Rc1 Nc6 10. d5 Ne5 11. Nxe5 Bxe5 12. Bxc5 Qc7 13. Bd4 Bf4 14. Rc2 Bd7 15. g3 Bd6 16. f4 Ba4 17. Bd3 Bc5 18. Be5 Bd6 19. Bd4 Bc5 20. Be5 Bd6 21. Bd4 1/2-1/2

[Event "*** Titled Tuesday Blitz"]
[Site "Chess.com"]
[Date "2020.04.07"]
[Round "7"]
[White "Parhamov"]
[Black "SerGo055"]
[Result "1-0"]
[WhiteElo "3081"]
[BlackElo "2556"]
[TimeControl "180+1"]
[EndTime "14:14:48 PDT"]
[Termination "Parhamov won by resignation"]

1. e4 d5 2. exd5 Qxd5 3. Nc3 Qd8 4. d4 Nf6 5. Bc4 c6 6. Nf3 Bf5 7. Ne5 e6 8. g4 Be4 9. Nxe4 Nxe4 10. Qf3 Nd6 11.
Bb3 Nd7 12. Bf4 Be7 13. h4 a5 14. a4 Nf6 15. O-O-O Nd5 16. Bg3 Qc7 17. c4 Nb4 18. c5 O-O 19. Nc4 Qd8 20. cxd6 Bf6 21. g5 1-0

[Event "*** Titled Tuesday Blitz"]
[Site "Chess.com"]
[Date "2020.04.07"]
[Round "7"]
[White "mamonika"]
[Black "Carnivoras"]
[Result "0-1"]
[WhiteElo "1949"]
[BlackElo "2625"]
[TimeControl "180+1"]
[EndTime "14:14:51 PDT"]
[Termination "Carnivoras won by resignation"]

1. d4 d5 2. c4 c6 3. cxd5 cxd5 4. Bf4 Nf6 5. e3 e6 6. Nc3 Nc6 7. Bd3 a6 8. Nf3 Be7 9. O-O O-O 10. Rc1 Bd7 11.
a3 b5 12. Ne5 Rc8 13. Bb1 b4 14. axb4 Nxb4 15. Na4 Rxc1 16. Qxc1 Bxa4 17. Qc3 Qc8 18. Qd2 Qb7 19. g4 Rc8 20. g5 Ne4 21. Qe2 Bb5 22. Qh5 g6 23. Qh3 Bxf1 24. Qxf1 Qb5 0-1

[Event "*** Titled Tuesday Blitz"]
[Site "Chess.com"]
[Date "2020.04.07"]
[Round "7"]
[White "AnonymousBread"]
[Black "almo64"]
[Result "0-1"]
[WhiteElo "2526"]
[BlackElo "2717"]
[TimeControl "180+1"]
[EndTime "14:14:52 PDT"]
[Termination "almo64 won by resignation"]

1. d4 d5 2. Nc3 Nf6 3. Bf4 a6 4. e3 Bf5 5. f3 h6 6. g4 Bh7 7. h4 e6 8. Bd3 Bxd3 9. Qxd3 c5 10.
dxc5 Bxc5 11. Nge2 Nc6 12. O-O-O Rc8 13. g5 Nh5 14. g6 f5 15. e4 dxe4 16. Qc4 Qe7 17. fxe4 Nxf4 18. Nxf4 Be3+ 19. Kb1 Bxf4 20. exf5 Be5 21.
fxe6 b5 22. Qd5 O-O 23. Rhf1 Rfd8 0-1